 Dungeon Crawl Stone Soup version 0.29.1-12-g30fa7ad0bf (webtiles) character file.

Game seed: 13140393315240025817

432 Radix the Chopper (level 7, 0/64 HPs)
             Began as a Hill Orc Fighter on Jan 7, 2023.
             Slain by Pikel
             ... wielding a +0 whip of flaming
              (1 damage)
             ... on level 4 of the Dungeon.
             The game lasted 00:11:10 (3648 turns).

Radix the Chopper (Hill Orc Fighter)                Turns: 3648, Time: 00:11:10

Health: 0/64       AC:  6    Str: 21    XL:     7   Next: 0%
Magic:  0/7        EV:  6    Int:  8    God:
Gold:   198        SH:  4    Dex: 10    Spells: 6/6 levels left

rFire   . . .      SeeInvis .   a - +0 war axe
rCold   . . .      Faith    .   c - +0 buckler
rNeg    . . .      Spirit   +   b - +0 scale mail
rPois   .          Reflect  .   (no helmet)
rElec   .          Harm     .   (no cloak)
rCorr   .          Rampage  .   (no gloves)
Will    .....                   (no boots)
Stlth   ..........              e - amulet of guardian spirit
HPRegen 0.20/turn               (no ring)
MPRegen 0.10/turn               (no ring)

@: mighty, grasped by roots, constricted
A: claws 1, talons 1, sense surroundings 1
a: no special abilities


You were on level 4 of the Dungeon.
You visited 1 branch of the dungeon, and saw 4 of its levels.

You collected 222 gold pieces.
You spent 24 gold pieces at shops.

Inventory:

Hand Weapons
 a - a +0 war axe (weapon)
 j - a +0 short sword
Missiles
 l - 5 atropa-tipped darts (quivered)
 s - a throwing net
Armour
 b - a +0 scale mail (worn)
 c - a +0 buckler (worn)
Jewellery
 e - an amulet of guardian spirit (around neck)
Scrolls
 f - 2 scrolls of identify
 g - a scroll of magic mapping {unknown}
 k - 2 scrolls of blinking {unknown}
 m - a scroll of teleportation {unknown}
 n - a scroll of vulnerability {unknown}
 o - 2 scrolls of poison {unknown}
 p - a scroll of acquirement {unknown}
 q - a scroll of enchant armour {unknown}
 r - a scroll of butterflies {unknown}
 t - a scroll of fear {unknown}
Potions
 h - a potion of curing {unknown}
 i - a potion of mutation


   Skills:
 + Level 6.9 Fighting
 + Level 7.0 Axes
 - Level 3.2 Armour
 - Level 3.2 Shields


You had 6 spell levels left.
You didn't know any spells.
Your spell library contained the following spells:

 Spells                   Type           Power      Damage    Failure   Level
 Conjure Flame            Conj/Fire      0%         6-21      99%         3
 Ignite Poison            Fire/Tmut/Pois 0%         N/A       99%         3
 Sticky Flame             Conj/Fire      0%         2d3       100%        4


Dungeon Overview and Level Annotations

Branches:
Dungeon (4/15)
 Temple: D:4-7

Altars:
Cheibriados
Hepliaklqana
Sif Muna
Xom

Shops:
D:1 ?   D:4 !

Annotations:
D:4 Pikel


Innate Abilities, Weirdness & Mutations

You have sharp fingernails.
You have sharp toenails.
You passively map a small area around you.


Message History

The giant cockroach bites you but does no damage.
An adder comes into view.
You closely miss Pikel.
The adder hisses angrily.
You hit the giant cockroach.
You kill the giant cockroach!
Pikel zaps a wand.
The roots erupt in riotous growth!
The grasping roots grab you!
Pikel is unaffected.
The grasping roots constrict you.
You hear a shout!
You have reached level 7!
You miss Pikel. You closely miss the lemure. Pikel hits you but does no damage.
The grasping roots constrict you!
The grasping roots release their grip on you.
You hit Pikel.
Pikel is lightly wounded.
You slash the lemure!
Pikel zaps a wand.
The roots erupt in riotous growth!
The grasping roots grab you!
Pikel is unaffected.
The lemure is unaffected. x2
The grasping roots constrict you! The lemure hits you but does no damage.
You closely miss Pikel.
Pikel is lightly wounded.
You closely miss the lemure. You hit the lemure.
The lemure hits you but does no damage.
Pikel hits you with a +0 whip of flaming!
Pikel burns you.
* * * LOW HITPOINT WARNING * * *
The grasping roots constrict you!
* * * LOW HITPOINT WARNING * * *
You block the lemure's attack.
It was a potion of mutation.
You feel extremely strange.
Your toenails lengthen and sharpen.
You feel a strange attunement to the structure of the dungeons.
Your fingernails lengthen.
The lemure barely misses you. The lemure hits you.
* * * LOW HITPOINT WARNING * * *
Pikel hits you with a +0 whip of flaming.
* * * LOW HITPOINT WARNING * * *
Pikel burns you.
You die...

## #
#.##.....##≈≈≈..≈≈≈##.
##...,
...........####''####..
......
,.......................
...... ........
#......#....... .#.###*
..#....< ###.##.#.......
.#
,....#.####.##.#.......
.#
.#.#.#.......##.########
.# , .)....†#†######.#*
* .. #.# #@5# #.. ,,
#.., , ....SSK5## #.#
#.#* .#.#.#5#5 #.# .....
.# * ### #.#.#.#,#. ,
,,,... .. ##*** ~ ,* #
#.# * .. ~ * ,~ * * ~


You could see Pikel, 4 lemures, an adder and a ball python.

Vanquished Creatures
  Sigmund (D:3)
  A bullfrog (D:3)
  A jelly (D:4)
  6 gnolls
  3 adders (D:2)
  2 worms (D:2)
  4 dart slugs
  3 bats
  5 endoplasms
  6 giant cockroaches
  3 goblins
  7 hobgoblins
  7 jackals (D:1)
  5 quokkas
  6 ball pythons
  5 frilled lizards
  11 kobolds
  13 rats
89 creatures vanquished.

Notes
Turn   | Place    | Note
-------+----------+-------------------------------------------
     0 | D:1      | Radix the Hill Orc Fighter began the quest for the Orb.
     0 | D:1      | Reached XP level 1. HP: 19/19 MP: 1/1
   203 | D:1      | Found Kili Puge's Magic Scroll Emporium.
   211 | D:1      | Bought a scroll of identify for 24 gold pieces
   219 | D:1      | Reached skill level 3 in Axes
   240 | D:1      | Reached XP level 2. HP: 27/27 MP: 2/2
   565 | D:1      | Reached XP level 3. HP: 34/34 MP: 3/3
   961 | D:2      | Reached skill level 4 in Axes
   999 | D:2      | Reached XP level 4. HP: 18/41 MP: 2/4
  1193 | D:2      | Reached skill level 5 in Fighting
  1941 | D:2      | Reached skill level 5 in Axes
  1949 | D:2      | Reached XP level 5. HP: 23/48 MP: 5/5
  2217 | D:2      | Found a faded altar of an unknown god.
  2475 | D:3      | Found a shimmering blue altar of Sif Muna.
  2511 | D:3      | Found a hazy altar of Hepliaklqana.
  2512 | D:3      | Found a shimmering altar of Xom.
  2513 | D:3      | Noticed a spectral ugly thing
  2553 | D:3      | Found a snail-covered altar of Cheibriados.
  2835 | D:3      | Noticed Sigmund
  2865 | D:3      | Killed Sigmund
  2866 | D:3      | Reached skill level 6 in Axes
  2866 | D:3      | Reached XP level 6. HP: 20/58 MP: 2/6
  3193 | D:4      | Found Usawygiuti's Distillery.
  3589 | D:4      | Reached skill level 7 in Axes
  3637 | D:4      | Noticed Pikel
  3645 | D:4      | Reached XP level 7. HP: 40/64 MP: 4/7
  3648 | D:4      | Gained mutation: You have sharp toenails. [potion of
                  | mutation]
  3648 | D:4      | Gained mutation: You passively map a small area around you.
                  | [potion of mutation]
  3648 | D:4      | Gained mutation: You have sharp fingernails. [potion of
                  | mutation]
  3648 | D:4      | HP: 1/64 [Pikel/+0 whip of flaming (5)]
  3648 | D:4      | Slain by Pikel

Illustrated notes

Levels and vault maps discovered:
D:1:      ncdulo_halloftheorcs, layout_basic, serial_shops, shop,
          serial_park_tiny_1
D:2:      mumra_celtic_spiral_tile, layout_basic, ebering_ecumenical_altar_mist,
          corexii_hall_statues_l, minmay_fractal_squares_5
D:3:      layout_rooms, regret_index_temple_of_mockery,
          mainiacjoe_overflow_alcove_2, amcnicky_altar_gilded, moated_statue,
          uniq_sigmund
D:4:      layout_loops_cross, nicolae_inconvenience_store,
          kennysheep_big_empty_room, hex_medium, kennysheep_diamond, uniq_pikel

Skill      XL: |  1  2  3  4  5  6 |
---------------+-------------------+-----
Axes           | 3 4 5 6 7 |  7.0
Fighting       | 4 5 6 |  6.9
Armour         | |  3.2
Shields        | |  3.2

Action                   |  1- 3 |  4- 6 |  7- 9 || total
-------------------------+-------+-------+-------++-------
Melee: War axe           |   111 |   173 |     3 ||   287
Throw: Dart              |       |     3 |       ||     3
  Use: Potion            |       |     1 |     1 ||     2
 Stab: Invisible         |       |     1 |       ||     1
Armor: Scale mail        |    67 |    84 |     3 ||   154
Dodge: Dodged            |    68 |    87 |     1 ||   156
Block: Buckler           |    35 |    28 |     1 ||    64
